 Dungeon Crawl Stone Soup version 0.28-a0-794-gafe8c5f9e9 (webtiles) character file.

Game seed: 2752793414643861661

705 bande the Chopper (level 7, 0/44 HPs)
             Began as a Gargoyle Fighter on Nov 5, 2021.
             Was an Initiate of Okawaru.
             Slain by a lemure (2 damage)
             ... led by Pikel
             ... on level 5 of the Dungeon.
             The game lasted 00:08:15 (4559 turns).

bande the Chopper (Gargoyle Fighter)                Turns: 4559, Time: 00:08:16

Health: 0/44       AC: 17    Str: 20    XL:     7   Next: 67%
Magic:  7/7        EV:  6    Int:  9    God:    Okawaru [......]
Gold:   128        SH:  4    Dex: 10    Spells: 6/6 levels left

rFire   . . .      SeeInvis .   a - +0 war axe
rCold   . . .      Faith    .   c - +0 buckler
rNeg    + . .      Spirit   .   m - +0 plate armour
rPois   ∞          Reflect  .   (no helmet)
rElec   +          Harm     .   (no cloak)
rCorr   .          Rampage  .   (no gloves)
Will    .....                   (no boots)
Stlth   ..........              (no amulet)
HPRegen 0.14/turn               (no ring)
MPRegen 0.10/turn               (no ring)

@: no status effects
A: sickness immunity, AC +4, negative energy resistance 1, electricity
resistance, torment resistance 1, petrification resistance
a: Renounce Religion


You were on level 5 of the Dungeon.
You worshipped Okawaru.
Okawaru was noncommittal.
You visited 2 branches of the dungeon, and saw 6 of its levels.

You collected 128 gold pieces.

Inventory:

Hand Weapons
 a - a +0 war axe (weapon)
 n - a +0 war axe
Armour
 c - a +0 buckler (worn)
 m - a +0 plate armour (worn)
Jewellery
 f - an amulet of magic regeneration
Wands
 e - a wand of acid (10)
 i - a wand of polymorph (6)
Scrolls
 g - a scroll of amnesia
Potions
 d - a potion of might
 h - a potion of flight
 k - a potion of attraction {unknown}
 o - a potion of heal wounds


   Skills:
 + Level 4.6 Fighting
 + Level 5.6 Axes
 + Level 5.3 Armour
 + Level 4.0 Shields
 * Level 1.0 Invocations
 * Level 0.7 Evocations


You had 6 spell levels left.
You didn't know any spells.
Your spell library contained the following spells:

 Spells                   Type           Power      Damage    Failure   Level
 Apportation              Tloc           0%         N/A       100%        1
 Ensorcelled Hibernation  Hex/Ice        0%         N/A       100%        2
 Passwall                 Tmut/Erth      0%         N/A       100%        2
 Spider Form              Tmut/Pois      0%         N/A       100%        3
 Swiftness                Air            0%         N/A       100%        3
 Passage of Golubria      Tloc           0%         N/A       100%        4
 Alistair's Intoxication  Tmut/Pois      0%         N/A       100%        5
 Yara's Violent Unravell  Hex/Tmut       0%         3d3       100%        5
 Invisibility             Hex            0%         N/A       100%        6
 Tukima's Dance           Hex            Unusable   N/A       N/A         3
 Animate Dead             Necr           Unusable   N/A       N/A         4
 Haunt                    Necr/Summ      Unusable   N/A       N/A         7
 Infestation              Necr           Unusable   N/A       N/A         8

Dungeon Overview and Level Annotations

Branches:
Dungeon (5/15)             Temple (1/1) D:5

Altars:
Ashenzari
Cheibriados
Elyvilon
Fedhas
Kikubaaqudgha
Okawaru

Annotations:
D:5 Pikel


Innate Abilities, Weirdness & Mutations

You are immune to sickness and miasma.
Your stone body is resilient. (AC +4)
You are immune to poison.
You resist negative energy. (rN+)
You are resistant to electric shocks. (rElec)
You are resistant to unholy torment.
You are immune to petrification.


Message History

Pikel freezes you. The lemure hits you but does no damage.
You slash Pikel!
Pikel is moderately wounded.
You hit the lemure. Pikel hits you but does no damage.
The lemure hits you but does no damage.
Unknown command.
You barely miss Pikel.
Pikel is moderately wounded.
You hit the lemure.
Pikel hits you with a +2 whip of freezing.
Pikel freezes you. The lemure hits you but does no damage.
The lemure closely misses you.
Pikel hits you with a +2 whip of freezing!
Pikel freezes you.
You closely miss Pikel.
Pikel is moderately wounded.
You closely miss the lemure.
Pikel hits you with a +2 whip of freezing!
* * * LOW HITPOINT WARNING * * *
Pikel freezes you.
* * * LOW HITPOINT WARNING * * *
The lemure hits you but does no damage.
You barely miss Pikel.
Pikel is moderately wounded.
You hit the lemure. Pikel barely misses you.
The lemure hits you but does no damage.
You closely miss Pikel.
Pikel is moderately wounded.
You hit the lemure. Pikel hits you but does no damage.
The lemure hits you but does no damage.
Unknown command.
You hit Pikel but do no damage.
Pikel is moderately wounded.
You barely miss the lemure.
Pikel hits you with a +2 whip of freezing.
* * * LOW HITPOINT WARNING * * *
Pikel freezes you.
* * * LOW HITPOINT WARNING * * *
The lemure hits you.
You die...

#.........
########.#.#.#.#.
##................
#.........#.#.#.#.
######...........##....
#....#...........##....
#.............#.....
###5..........#.###.
#5K@............ ..
###.###...######## ..
#..$..#.### #.....#..
#.....#### #..5..#
......# ...#....
#.#.......


You could see Pikel and 2 lemures.

Vanquished Creatures
  Grinder (D:5)
  A sky beast (D:5)
  A bullfrog (Temple)
  A hound (D:4)
  Jessica (D:2)
  Natasha (thrice) (D:2)
  3 iguanas
  A howler monkey skeleton (D:4)
  5 adders
  A white imp (D:5)
  An adder skeleton (D:4)
  A worm (D:2)
  4 dart slugs
  8 orcs (D:3)
  9 endoplasms
  3 giant cockroaches (D:1)
  4 hobgoblins
  4 kobolds
  3 quokkas
  5 ball pythons
  4 bats
  2 frilled lizards (D:3)
  6 goblins
  4 rats
76 creatures vanquished.

Notes
Turn   | Place    | Note
-------+----------+-------------------------------------------
     0 | D:1      | bande the Gargoyle Fighter began the quest for the Orb.
     0 | D:1      | Reached XP level 1. HP: 14/14 MP: 1/1
   245 | D:1      | Reached XP level 2. HP: 17/19 MP: 2/2
  1079 | D:1      | Reached XP level 3. HP: 22/23 MP: 3/3
  1188 | D:2      | Noticed Jessica
  1198 | D:2      | Killed Jessica
  1199 | D:2      | Noticed Natasha
  1369 | D:2      | Killed Natasha
  1370 | D:2      | Reached XP level 4. HP: 27/29 MP: 4/4
  1545 | D:2      | You fall into a shaft and drop 2 floors!
  1669 | D:4      | Reached XP level 5. HP: 33/33 MP: 5/5
  2848 | D:2      | Noticed Natasha
  2855 | D:2      | Reached XP level 6. HP: 38/38 MP: 6/6
  2856 | D:2      | Killed Natasha
  3030 | D:2      | Noticed Natasha
  3042 | D:2      | Killed Natasha
  3792 | D:5      | Entered Level 5 of the Dungeon
  3805 | D:5      | Noticed Grinder
  3837 | D:5      | Paralysed by Grinder for 3 turns
  3851 | D:5      | Paralysed by Grinder for 2 turns
  3855 | D:5      | Paralysed by Grinder for 2 turns
  3862 | D:5      | Killed Grinder
  3863 | D:5      | Reached skill level 5 in Axes
  3863 | D:5      | Reached XP level 7. HP: 31/44 MP: 7/7
  3964 | D:5      | Found a staircase to the Ecumenical Temple.
  3975 | Temple   | Entered the Ecumenical Temple
  3981 | Temple   | Reached skill level 5 in Armour
  4099 | Temple   | Became a worshipper of Warmaster Okawaru
  4141 | D:5      | Found a broken altar of Ashenzari.
  4437 | D:5      | Reached skill level 1 in Invocations
  4539 | D:5      | Noticed Pikel
  4559 | D:5      | HP: 2/44 [Pikel (1)]
  4559 | D:5      | Slain by a lemure

Illustrated notes

Levels and vault maps discovered:
D:1:      scummos_arrival_simple_crosswalls, layout_basic, chequers_avenue
D:2:      layout_loops_ring, uniq_jessica, uniq_natasha
D:3:      layout_loops_ring, kennysheep_nub
D:4:      layout_loops_cross, minmay_curled_crystal
D:5:      layout_basic, ashenzari_conservatory_becter,
          minmay_temple_entry_drinking_statues, st_stairs_9, uniq_grinder,
          uniq_pikel
Temple:   minmay_crystal_snake_temple

Skill      XL: |  1  2  3  4  5  6  7 |
---------------+----------------------+-----
Axes           | 2 3 4 5 |  5.6
Armour         | 4 5 |  5.3
Fighting       | 4 |  4.6
Shields        | 4 |  4.0
Invocations    | 1 |  1.0
Evocations     | |  0.7

Action                   |  1- 3 |  4- 6 |  7- 9 || total
-------------------------+-------+-------+-------++-------
Melee: War axe           |    71 |   175 |    54 ||   300
  Use: Scroll            |       |     9 |     1 ||    10
       Potion            |       |     1 |       ||     1
Armor: Scale mail        |    34 |    24 |       ||    58
       Plate armour      |       |    72 |    37 ||   109
Dodge: Dodged            |    28 |    53 |    18 ||    99
Block: Buckler           |    11 |    42 |    10 ||    63

Table legend: (Time is in decaauts)
 A = Elapsed time spent in this place.
 B = Non-inter-level travel time spent in this place.
 C = Inter-level travel time spent in this place.
 D = Time resting spent in this place.
 E = Time spent auto-exploring this place.
 F = Levels seen in this place.
 G = Mean time per level.
                   A        B        C        D        E       F      G
               +--------+--------+--------+--------+--------+-----+--------+
         Total |   4657 |   4607 |     50 |    424 |   3179 |   6 |  776.2 |
       Dungeon |   4512 |   4462 |     50 |    424 |   3070 |   5 |  902.4 |
        Temple |    144 |    144 |      0 |      0 |    109 |   1 |  144.0 |
               +--------+--------+--------+--------+--------+-----+--------+

Top non-repeatable levels by time:
     D:1: 1370 daAuts
     D:2: 946 daAuts
     D:3: 857 daAuts
     D:4: 699 daAuts
     D:5: 639 daAuts
  Temple: 144 daAuts
